 Dungeon Crawl Stone Soup version 0.21-a0-404-g291f19a (webtiles) character file.

219 nReaper the Sneak (level 5, -1/39 HPs)
             Began as a Vampire Assassin on Oct 28, 2017.
             Was an Initiate of Makhleb.
             Succumbed to a worker ant's poison
             ... on level 3 of the Dungeon.
             The game lasted 00:17:52 (4457 turns).

nReaper the Sneak (Vampire Assassin)                Turns: 4457, Time: 00:17:53

Health: -1/39      AC:  2    Str: 10    XL:     5   Next: 64%
Magic:  5/5        EV: 13    Int: 14    God:    Makhleb [......]
Gold:   181        SH:  0    Dex: 16    Spells: 4/4 levels left

rFire    . . .     SeeInvis +   a - +2 dagger
rCold    . . .     Gourm    .   (no shield)
rNeg     + . .     Faith    .   c - +0 robe
rPois    .         Spirit   .   (no helmet)
rElec    .         Reflect  .   r - scarf {repulsion}
rCorr    .         Harm     .   (no gloves)
MR       .....                  (no boots)
Stlth    ++++......             (no amulet)
HPRegen  0.13/turn              (no ring)
MPRegen  0.09/turn              (no ring)

@: lethally poisoned (-1 -> -18), repel missiles
A: fangs 3, see invisible, unbreathing
a: Bat Form, Renounce Religion


You were on level 3 of the Dungeon.
You worshipped Makhleb.
Makhleb was noncommittal.
You were not thirsty.

You visited 1 branch of the dungeon, and saw 3 of its levels.

You collected 181 gold pieces.

Inventory:

Hand Weapons
 a - a +2 dagger (weapon)
 b - a +0 blowgun
 t - a +3 quarterstaff of chaos
Missiles
 e - 18 poisoned needles
 f - 2 curare-tipped needles
 o - 17 arrows
Armour
 c - a +0 robe (worn)
 d - a +0 cloak
 i - a +0 cloak
 n - a +0 plate armour
 r - a scarf of repulsion (worn)
Jewellery
 g - an uncursed ring of poison resistance {unknown}
Wands
 l - a wand of paralysis (0/24)
Scrolls
 h - 4 scrolls of teleportation {unknown}
 j - 5 scrolls of identify {unknown}
 m - a scroll of amnesia {unknown}
 s - a scroll of remove curse {unknown}
Potions
 k - a potion of lignification {unknown}
 p - a potion of degeneration {unknown}
 q - a potion of magic {unknown}
 u - 2 potions of blood
 v - a potion of flight {unknown}


   Skills:
 + Level 2.6 Fighting
 + Level 4.1 Short Blades
 + Level 2.0 Throwing
 + Level 2.8 Dodging
 + Level 7.2 Stealth


You had 4 spell levels left.
You didn't know any spells.

Dungeon Overview and Level Annotations

Branches:
Dungeon (3/15)

Altars:
Makhleb
Uskayaw


Innate Abilities, Weirdness & Mutations

You have razor-sharp teeth.
You have supernaturally acute eyesight. (SInv)
You can survive without breathing.


Message History

You bottle the corpse's blood.
You feel sick. The bat barely misses you. The bat hits you.
The worker ant bites you. The adder bites you.
You are more poisoned.
The adder poisons you!
Things that are here:
a flail; a leather armour; a potion of blood You completely miss the worker ant.
You feel sick. The bat hits you. The worker ant bites you.
The adder misses you.
You hit the worker ant but do no damage.
* * * LOW HITPOINT WARNING * * *
You feel sick. The bat misses you. The worker ant bites you!
* * * LOW HITPOINT WARNING * * *
You are more poisoned.
The worker ant poisons you! The adder bites you.
* * * LOW HITPOINT WARNING * * *
You hit the worker ant but do no damage.
* * * LOW HITPOINT WARNING * * *
You feel sick. The adder barely misses you. The bat barely misses you.
The worker ant misses you.
You die...

#......#........###
####..###.####....#
....####..####.#.##
##.###........(.%.
##.##.#..####.#.###.#
#.......#..[......
#.#.........Sa.#
#.#..##.#.##b).#
#.#†###.#.#..@.#
#.......#.#...## #
###.#####.#...###.###
######.#####............
#.........##......####..
#.#####.#.##......# #.#
#.#.##......# #.#
#.#.##......# #.#
#.#.#######.##.#..#


You could see a worker ant, an adder and a bat.

Vanquished Creatures
  An orc priest (D:3)
  Crazy Yiuf (D:2)
  An orc wizard (D:3)
  Ijyb (D:1)
  2 adders
  2 oozes
  4 worms
  3 dart slugs (D:1)
  2 leopard geckos
  3 orcs (D:3)
  4 giant cockroaches
  4 goblins
  7 hobgoblins
  4 jackals (D:3)
  4 kobolds
  A quokka (D:2)
  7 bats
  A frilled lizard (D:1)
  9 rats
61 creatures vanquished.

Notes
Turn   | Place    | Note
-------+----------+-------------------------------------------
     0 | D:1      | nReaper the Vampire Assassin began the quest for the Orb.
     0 | D:1      | Reached XP level 1. HP: 16/16 MP: 1/1
   101 | D:1      | Reached XP level 2. HP: 21/22 MP: 2/2
   228 | D:1      | Reached skill level 6 in Stealth
   579 | D:1      | Reached XP level 3. HP: 27/27 MP: 3/3
  2220 | D:2      | Reached XP level 4. HP: 30/33 MP: 4/4
  2333 | D:3      | Noticed Ijyb
  2339 | D:3      | Paralysed by Ijyb for 5 turns
  2355 | D:2      | Paralysed by Ijyb for 3 turns
  2361 | D:2      | Paralysed by Ijyb for 7 turns
  2424 | D:1      | Killed Ijyb
  3065 | D:2      | Found a burning altar of Makhleb.
  3065 | D:2      | Found a hide-covered altar of Uskayaw.
  3073 | D:2      | Became a worshipper of Makhleb the Destroyer
  3178 | D:2      | Found a runed door.
  3182 | D:2      | Noticed Crazy Yiuf
  3206 | D:2      | Killed Crazy Yiuf
  3206 | D:2      | Reached skill level 7 in Stealth
  3919 | D:3      | Reached XP level 5. HP: 23/39 MP: 5/5
  4456 | D:3      | HP: 1/39 [poisoned by a worker ant]
  4457 | D:3      | Succumbed to a worker ant's poison

Vault maps used:
D:1:      evilmike_arrival_fibonacci_small
D:2:      gammafunk_temple_overflow_elements, first_bread,
          uniq_crazy_yiuf_cottage
D:3:      uniq_ijyb

Skill      XL: |  1  2  3  4  5 |
---------------+----------------+-----
Fighting       | 2 |  2.6
Stealth        | 6 7 |  7.2
Short Blades   | 3 4 |  4.1
Dodging        | 2 |  2.8
Throwing       | 2 |  2.0

Action                   |  1- 3 |  4- 6 || total
-------------------------+-------+-------++-------
Melee: Dagger            |   113 |   150 ||   263
       Bite              |    12 |    18 ||    30
 Fire: Blowgun           |     6 |     4 ||    10
  Use: Potion            |     3 |     7 ||    10
 Stab: Distracted        |     1 |       ||     1
       Sleeping          |     8 |     4 ||    12
Armor: Robe              |    18 |    12 ||    30
Dodge: Dodged            |    55 |   112 ||   167

Table legend:
 A = Spawn XP
 B = Non-spawn XP
 C = Spawn XP percentage of total XP
 D = Spawn monster count
 E = Non-spawn monster count
 F = Spawn count percentage of total count
 G = Total turns spent on level
                    A         B        C        D         E        F      G
               +---------+---------+-------+---------+---------+-------+---------
         Total |       0 |     314 |   0.0 |       0 |      61 |   0.0 |  4457
               +---------+---------+-------+---------+---------+-------+---------
           D:1 |       0 |      97 |   0.0 |       0 |      30 |   0.0 |  1881
           D:2 |       0 |      94 |   0.0 |       0 |      17 |   0.0 |  2001
           D:3 |       0 |     123 |   0.0 |       0 |      14 |   0.0 |   575
               +---------+---------+-------+---------+---------+-------+---------
